 Dungeon Crawl Stone Soup version 0.19.5 (webtiles) character file.

18 empire the Grave Robber (level 2, 0/20 HPs)
             Began as a Mummy Necromancer on Mar 7, 2017.
             Slain by a jackal (2 damage)
             ... on level 1 of the Dungeon.
             The game lasted 00:02:37 (1109 turns).

empire the Grave Robber (Mummy Necromancer)         Turns: 1109, Time: 00:02:37

Health: 0/20       AC:  2    Str: 11    XL:     2   Next: 51%
Magic:  0/5        EV: 12    Int: 14    God:
Gold:   28         SH:  0    Dex: 12    Spells: 2 memorised, 3 levels left

rFire  x . .     SeeInvis .     b - +0 dagger
rCold  + + .     Gourm    .     g - +0 robe
rNeg   + + +     Faith    .     (no shield)
rPois  ∞         Spirit   .     (no helmet)
rElec  .         Reflect  .     (no cloak)
rCorr  .         Harm     .     (no gloves)
MR     .....                    (no boots)
Stlth  ++........               (no amulet)
                                (no ring)
                                i - ring of protection from cold

@: very slightly contaminated
A: no food or potions, fire vulnerability, cold resistance 1, negative energy
resistance 3, torment resistance, unbreathing
a: no special abilities


You were on level 1 of the Dungeon.
You were not hungry.

You visited 1 branch of the dungeon, and saw 1 of its levels.

You collected 28 gold pieces.

Inventory:

Hand Weapons
 b - a +0 dagger (weapon)
Missiles
 c - 3 javelins (quivered)
Armour
 g - a +0 robe (worn)
Jewellery
 i - a ring of protection from cold (left hand)
Scrolls
 d - 5 scrolls of remove curse {unknown}
 h - a scroll of enchant armour {unknown}
Books
 f - a book of Necromancy

   Spells                             Type                      Level
   a - Pain                           Necromancy                   1
   b - Animate Skeleton               Necromancy                   1
   c - Vampiric Draining              Necromancy                   3
   d - Regeneration                   Charms/Necromancy            3
   e - Animate Dead                   Necromancy                   4
   f - Control Undead                 Necromancy                   4


   Skills:
 + Level 0.8 Fighting
 + Level 2.1 Dodging
 - Level 1.5 Stealth
 - Level 2.0 Spellcasting
 * Level 4.2 Necromancy


You had 3 spell levels left.
You knew the following spells:

 Your Spells              Type           Power        Failure   Level  Hunger
a - Pain                  Necr           ##..         4%          1    N/A
b - Animate Skeleton      Necr           N/A          4%          1    N/A

Dungeon Overview and Level Annotations

Branches:
Dungeon (1/15)

Altars:


Innate Abilities, Weirdness & Mutations

You do not eat or drink.
Your flesh is vulnerable to fire.
You are immune to poison.
Your flesh is cold resistant. (rC+)
You are immune to negative energy. (rN+++)
You are immune to unholy pain and torment.
You can survive without breathing.


Message History

Unknown command.
Casting: Pain
Confirm with . or Enter, or press ? or * to list all spells.
Aiming: Pain
Press: ? - help, Shift-Dir - straight line, f/p - jackal
Aim: a jackal (black smoke, lightly wounded, chance to defeat MR: 83%)
You miscast Pain.
You shiver with cold.
The jackal misses you. The jackal closely misses you.
Your leopard gecko skeleton bites the jackal but does no damage.
Blink to where?
Press: ? - help, Dir - move target cursor, p - jackal
As you read the scroll labeled VINKULEN XIF, it crumbles to dust.
It was a scroll of blinking.
Casting: Pain
Confirm with . or Enter, or press ? or * to list all spells.
Aiming: Pain
Press: ? - help, Shift-Dir - straight line, f - jackal
Aim: a jackal (lightly wounded, chance to defeat MR: 83%)
The jackal writhes in agony!
The jackal bites you.
You die...

#.## #.....#...#.#
#.####### ###
#............
#........ ..#
#.#.#####.##>
#..###### #.#
#...####..##. #..#
####.##............#.
#..# #......
##.###.#.#..
#..#####.##.#
##.##.##.##.
#.........h.###
#...........
#)####.........h@..#
#...#.##.#..
.........Z...###...#
#.#.##.#.#.#
#.#####.###### #...#
#.#.###....# #.#
#...# #....###)#.#
#.########...#
#...........
#....%.hZ....#
#....###.#.#
#......h§........####
#.#.#
###########..####
#.#.# #..# #.#.#


You could see 2 jackals and a friendly leopard gecko skeleton.

Vanquished Creatures
  A dart slug (D:1)
  A leopard gecko (D:1)
  2 bats (D:1)
  A giant cockroach (D:1)
  A goblin (D:1)
  3 hobgoblins (D:1)
  A jackal (D:1)
  A ball python (D:1)
  A frilled lizard (D:1)
  3 rats (D:1)
15 creatures vanquished.

Notes
Turn   | Place    | Note
-------+----------+-------------------------------------------
     0 | D:1      | empire the Mummy Necromancer began the quest for the Orb.
     0 | D:1      | Reached XP level 1. HP: 13/13 MP: 3/3
   433 | D:1      | Reached XP level 2. HP: 6/20 MP: 1/5
   448 | D:1      | Learned a level 1 spell: Animate Skeleton
  1093 | D:1      | HP: 1/20 [jackal (1)]
  1109 | D:1      | Slain by a jackal

Skill      XL: |  1  2 |
---------------+-------+-----
Dodging        | 2 |  2.1
Fighting       | |  0.8
Stealth        | |  1.5
Spellcasting   | |  2.0
Necromancy     | |  4.2

Action                   || total
-------------------------++-------
Melee: Dagger            ||    16
       Club              ||     7
 Cast: Pain              ||    23
       Animate Skeleton  ||     2
  Use: Scroll            ||     2
Armor: Robe              ||     8
Dodge: Dodged            ||    50
